 Dungeon Crawl Stone Soup version 0.22-a0-833-g8522bf8 (webtiles) character file.

28 iamserjio the Insei (level 2, -1/27 HPs)
             Began as a Draconian Monk on July 25, 2018.
             Slain by a quokka (3 damage)
             ... on level 2 of the Dungeon.
             The game lasted 00:02:30 (426 turns).

iamserjio the Insei (Draconian Monk)                 Turns: 426, Time: 00:02:31

Health: -1/27      AC:  4    Str: 13    XL:     2   Next: 96%
Magic:  2/2        EV: 13    Int: 10    God:
Gold:   52         SH:  0    Dex: 13    Spells: 1/1 levels left

rFire    . . .     SeeInvis .   f - +2 dagger (venom)
rCold    . . .     Gourm    .   (no shield)
rNeg     . . .     Faith    .   (armour unavailable)
rPois    .         Spirit   .   (helmet restricted)
rElec    .         Reflect  .   (no cloak)
rCorr    .         Harm     .   (no gloves)
MR       .....                  (no boots)
Stlth    ++........             h - amulet of inaccuracy (curse)
HPRegen  0.09/turn              (no ring)
MPRegen  0.08/turn              (no ring)

@: no status effects
A: unfitting armour, cold-blooded, AC +4
a: no special abilities


You were on level 2 of the Dungeon.
You were not hungry.

You visited 1 branch of the dungeon, and saw 2 of its levels.

You collected 52 gold pieces.

Inventory:

Hand Weapons
 f - a +2 dagger of venom (weapon)
Missiles
 b - 27 arrows
 d - 9 poisoned needles
Jewellery
 h - a cursed amulet of inaccuracy (around neck)
Scrolls
 c - a scroll of fog {unknown}
 e - 2 scrolls of identify {unknown}
 g - a scroll of enchant armour {unknown}
Comestibles
 a - 3 rations


   Skills:
 + Level 3.7 Fighting
 - Level 2.6 Dodging
 - Level 1.7 Stealth
 * Level 3.8 Unarmed Combat


You had one spell level left.
You didn't know any spells.
Your spell library was empty.

Dungeon Overview and Level Annotations

Branches:
Dungeon (2/15)

Altars:


Innate Abilities, Weirdness & Mutations

Your plain brown scales are hard. (AC +4)
You cannot fit into any form of body armour.
You are cold-blooded and may be slowed by cold attacks.


Message History

You hit the quokka.
The quokka is heavily wounded.
The quokka bites you.
* * * LOW HITPOINT WARNING * * *
You closely miss the quokka.
The quokka is heavily wounded.
The quokka bites you.
* * * LOW HITPOINT WARNING * * *
You miss the quokka.
The quokka is heavily wounded.
The quokka bites you but does no damage.
The quokka barely misses you.
You hit the quokka but do no damage.
Your tail-slap misses the quokka.
The quokka is heavily wounded.
The quokka bites you.
* * * LOW HITPOINT WARNING * * *
You closely miss the quokka.
The quokka is heavily wounded.
The quokka bites you.
You die...

####+#####
...##+######........#
#......@............##
#......r.............. .
....................# #
##.........[........####
##.................##..
#.............######.#
#############..#####.#
#......... #.....##≈≈


You could see a quokka.

Vanquished Creatures
  An ooze (D:1)
  A dart slug (D:1)
  2 giant cockroaches (D:1)
  4 goblins
  2 hobgoblins
  3 bats
  3 kobolds
  5 rats
21 creatures vanquished.

Notes
Turn   | Place    | Note
-------+----------+-------------------------------------------
     0 | D:1      | iamserjio the Draconian Monk began the quest for the Orb.
     0 | D:1      | Reached XP level 1. HP: 19/19 MP: 1/1
     2 | D:1      | Noticed a draconian
     2 | D:1      | Noticed a gargoyle
     4 | D:1      | Noticed a merfolk
     4 | D:1      | Noticed a troll
     6 | D:1      | Noticed a demonspawn
     8 | D:1      | Noticed a spriggan
     8 | D:1      | Noticed a minotaur
    11 | D:1      | Noticed a vampire
    13 | D:1      | Noticed a halfling
    15 | D:1      | Noticed an elf
    15 | D:1      | Noticed a felid
    17 | D:1      | Noticed a vine stalker
    19 | D:1      | Noticed an ogre
    19 | D:1      | Noticed an octopode
    21 | D:1      | Noticed a formicid
    21 | D:1      | Noticed a dwarf
    23 | D:1      | Noticed a naga
    23 | D:1      | Noticed a demigod
    25 | D:1      | Noticed a centaur
    25 | D:1      | Noticed a ghoul
    27 | D:1      | Noticed a tengu
    27 | D:1      | Noticed a human
   226 | D:1      | Reached XP level 2. HP: 26/26 MP: 2/2
   426 | D:2      | Slain by a quokka

Vault maps used:
D:1:      kb_arrival_jail, minmay_pentomino_x4
D:2:      hangedman_decor_opposing, kennysheep_small_spiral, minivault_4,
          corexii_item_surrounded_by_moat, nicolae_dithmenos_shadow_blocks

Action                   || total
-------------------------++-------
Melee: Unarmed           ||    49
       Tailslap          ||     4
       Punch             ||     1
       Dagger            ||    24
Armor: Skin              ||     9
Dodge: Dodged            ||    44

Table legend:
 A = Spawn XP
 B = Non-spawn XP
 C = Spawn XP percentage of total XP
 D = Spawn monster count
 E = Non-spawn monster count
 F = Spawn count percentage of total count
 G = Total turns spent on level
                    A         B        C        D         E        F      G
               +---------+---------+-------+---------+---------+-------+---------
         Total |       0 |      40 |   0.0 |       0 |      21 |   0.0 |   426
               +---------+---------+-------+---------+---------+-------+---------
           D:1 |       0 |      32 |   0.0 |       0 |      16 |   0.0 |   314
           D:2 |       0 |       8 |   0.0 |       0 |       5 |   0.0 |   112
               +---------+---------+-------+---------+---------+-------+---------
